 Dungeon Crawl Stone Soup version 0.28.0-53-g5a82cb258f (webtiles) character file.

Game seed: 17764982092204986065

25077 Zeld the Geomancer (level 13, -3/79 HPs)
             Began as a Gargoyle Earth Elementalist on June 2, 2022.
             Was an Initiate of Gozag.
             Slain by Azrael
             ... wielding a +4 scimitar of flaming
              (14 damage)
             ... on level 12 of the Dungeon.
             The game lasted 00:24:27 (22804 turns).

Zeld the Geomancer (Gargoyle Earth Elementalist)   Turns: 22804, Time: 00:24:27

Health: -3/79      AC: 16    Str: 13    XL:     13   Next: 17%
Magic:  2/29       EV: 11    Int: 29    God:    Gozag
Gold:   110        SH:  0    Dex: 10    Spells: 22/36 levels left

rFire   . . .      SeeInvis .   a - +8 broad axe of the Other Side {vorpal, Str+2 Int+7}
rCold   . . .      Faith    .   (no shield)
rNeg    + . .      Spirit   .   L - +0 robe
rPois   ∞          Reflect  .   j - +0 helmet
rElec   +          Harm     .   y - +1 cloak
rCorr   .          Rampage  .   I - +0 pair of gloves
Will    .....                   d - +0 pair of boots
Stlth   ++........              f - amulet of magic regeneration
HPRegen 0.23/turn               (no ring)
MPRegen 0.61/turn               (no ring)

@: about to teleport
A: sickness immunity, AC +9, negative energy resistance 1, electricity
resistance, torment resistance 1, petrification resistance
a: Renounce Religion, Potion Petition, Call Merchant, Bribe Branch


You were on level 12 of the Dungeon.
You worshipped Gozag.
Gozag was aware of your devotion.
You visited 3 branches of the dungeon, and saw 18 of its levels.

You collected 2564 gold pieces.
You spent 773 gold pieces at shops.
You paid 1681 gold pieces to Gozag.

Inventory:

Hand Weapons
 a - the +8 broad axe of the Other Side (weapon) {vorpal, Str+2 Int+7}
   (You bought it in a shop on level 9 of the Dungeon)

   It inflicts extra damage upon your enemies.
   Str:       It affects your strength (+2).
   Int:       It affects your intelligence (+7).
 b - the +7 arbalest of Symmetry {vorpal, *Corrode Str+4 Int+4 SInv}
   (You bought it in a shop on level 9 of the Dungeon)

   Any ammunition fired from it inflicts extra damage upon your enemies.
   Str:       It affects your strength (+4).
   Int:       It affects your intelligence (+4).
   SInv:      It lets you see invisible.
   *Corrode:  It may corrode you when you take damage.
Missiles
 i - 426 stones
 s - 78 bolts
Armour
 d - a +0 pair of boots (worn)
 j - a +0 helmet (worn)
 y - a +1 cloak (worn)
 I - a +0 pair of gloves (worn)
 L - a +0 robe (worn)
Jewellery
 f - an amulet of magic regeneration (around neck)
 g - an amulet of reflection
Wands
 h - a wand of polymorph (5)
 k - a wand of digging (6)
 O - a wand of iceblast (5)
Scrolls
 e - 3 scrolls of teleportation
 o - 2 scrolls of magic mapping
 r - a scroll of holy word
 t - 2 scrolls of enchant weapon
 u - 4 scrolls of fear
 w - 4 scrolls of amnesia
 A - a scroll of silence
 D - a scroll of brand weapon
 G - a scroll of fog
 K - 3 scrolls of identify
Potions
 c - 3 potions of brilliance
 l - 6 potions of heal wounds
 m - a potion of berserk rage {unknown}
 n - a potion of attraction {unknown}
 p - 2 potions of cancellation {unknown}
 v - a potion of magic {unknown}
 x - 5 potions of curing
 z - 6 potions of lignification {unknown}
 B - a potion of flight {unknown}
 C - a potion of invisibility {unknown}
 F - 2 potions of haste
 J - 2 potions of degeneration {unknown}
 N - 3 potions of might
Miscellaneous
 q - a box of beasts
 H - a condenser vane (inert)
 M - a piece from Xom's chessboard (15/15)


   Skills:
 + Level 8.5 Fighting
 - Level 6.0 Axes
 + Level 6.2 Crossbows
 - Level 1.5 Dodging
 - Level 2.1 Stealth
 - Level 12.0 Spellcasting
 - Level 10.0 Conjurations
 - Level 2.0 Transmutations
 - Level 12.0 Earth Magic


You had 22 spell levels left.
You knew the following spells:

 Your Spells              Type           Power      Damage    Failure   Level
a - Sandblast             Erth           100%       2d20      1%          1
b - Passwall              Tmut/Erth      45%        N/A       1%          2
c - Stone Arrow           Conj/Erth      100%       3d13      1%          3
d - Petrify               Tmut/Erth      55%        N/A       1%          4
m - Iskenderun's Mystic   Conj/Tloc      46%        2d10      3%          4

Your spell library contained the following spells:

 Spells                   Type           Power      Damage    Failure   Level
 Shock                    Conj/Air       100%       1d9       1%          1
 Dazzling Flash           Conj/Hex       92%        N/A       1%          3
 Flame Wave               Conj/Fire      46%        2d10      3%          4
 Hailstorm                Conj/Ice       46%        3d11      3%          4
 Scorch                   Fire           34%        2d6       4%          2
 Gell's Gravitas          Tloc           17%        N/A       9%          3
 Lesser Beckoning         Tloc           17%        N/A       9%          3
 Ozocubu's Armour         Ice            17%        N/A       9%          3
 Swiftness                Air            17%        N/A       9%          3
 Teleport Other           Tloc           17%        N/A       9%          3
 Freezing Cloud           Conj/Ice/Air   18%        6-21      22%         5
 Airstrike                Air            8%         N/A       30%         4
 Conjure Ball Lightning   Conj/Air       23%        3x3d6     52%         6
 Starburst                Conj/Fire      23%        6d8       52%         6
 Summon Cactus Giant      Summ           8%         N/A       99%         6
 Ozocubu's Refrigeration  Ice            8%         4d6       100%        7
 Discord                  Hex            8%         N/A       100%        8
 Disjunction              Tloc           8%         N/A       100%        8


Dungeon Overview and Level Annotations

Branches:
Dungeon (14/15)            Temple (1/1) D:7            Lair (3/6) D:10
    Orc (0/2) D:12
  Swamp: Lair:2-4    Shoals: Lair:2-4     Snake: Lair:2-4    Spider: Lair:2-4
 Vaults: D:13-14

Altars:
Ashenzari
Cheibriados
Dithmenos
Elyvilon
Fedhas
Gozag
Hepliaklqana
Kikubaaqudgha
Makhleb
Nemelex Xobeh
Okawaru
Qazlal
Ru
Sif Muna
Trog
Uskayaw
Vehumet
Wu Jian
Xom
Yredelemnul
Zin
The Shining One
Beogh

Shops:
D:1 (   D:9 (   D:12 !

Annotations:
D:10 2 transporters, Jingleheimer's ghost, journeyman FoHu
D:12 Azrael
D:14 Agnes


Innate Abilities, Weirdness & Mutations

You are immune to sickness and miasma.
Your stone body is resilient. (AC +9)
You are immune to poison.
You resist negative energy. (rN+)
You are resistant to electric shocks. (rElec)
You are resistant to unholy torment.
You are immune to petrification.


Message History

Unknown command.
Casting: Stone Arrow (safe; 1% risk of failure)
Confirm with . or Enter, or press ? or * to list all spells.
Aiming: Stone Arrow (safe; 1% risk of failure)
Press: ? - help, Shift-Dir - straight line, f/p - Azrael
Aim: Azrael, wielding a +4 scimitar of flaming (almost dead, petrified, 100% to hit)
The stone arrow hits Azrael!!
Azrael is almost dead.
The fire elemental hits you. The fire elemental burns you!
The fire elemental hits you. The fire elemental burns you!
The fire elemental barely misses you.
Unknown command.
Casting: Stone Arrow (safe; 1% risk of failure)
Confirm with . or Enter, or press ? or * to list all spells.
Aiming: Sandblast (safe; 1% risk of failure)
Press: ? - help, Shift-Dir - straight line, f/p - Azrael
Aim: Azrael, wielding a +4 scimitar of flaming (almost dead, petrified, 100% to hit)
The blast of sand hits Azrael but does no damage.
Azrael is almost dead.
i - 426 stones Azrael is no longer petrified.
The fire elemental closely misses you. The fire elemental hits you.
The fire elemental burns you!
* * * LOW HITPOINT WARNING * * *
Unknown command.
As you read the scroll of teleportation, it crumbles to dust.
You feel strangely unstable. The fire elemental hits you.
The fire elemental burns you!
* * * LOW HITPOINT WARNING * * *
The fire elemental hits you. The fire elemental burns you!
* * * LOW HITPOINT WARNING * * *
Unknown command.
Okay, then.
You feel much better. The fire elemental hits you.
The fire elemental burns you!
* * * LOW HITPOINT WARNING * * *
The fire elemental hits you. The fire elemental burns you!
* * * LOW HITPOINT WARNING * * *
Azrael hits you with a +4 scimitar of flaming!
You die...
Your body crumbles into a pile of gold.

$ ........°°°.°○○○R○E.
#################'#### .
.'......##. ....... ..
#.. ...# ............
...##'###'####'#########
....°..................
○..........####......#
##..##EE..[............#
...$.hR@................
########################


You could see Azrael, 2 fire elementals and a hell hound.

Vanquished Creatures
  Harold (D:7)
  2 hydras
  Erica (D:10)
  3 two-headed ogres
  Urug (D:12)
  Sonja (D:10)
  2 oklob plants (Lair:1)
  A manticore (D:11)
  4 cyclopes
  2 ugly things (D:12)
  A wolf spider zombie (D:11)
  A gargoyle (D:12)
  A black mamba (Lair:1)
  Joseph (D:8)
  3 cane toads (Lair:1)
  2 unseen horrors (D:12)
  A komodo dragon (Lair:2)
  2 kobold demonologists
  A hellwing (D:11)
  14 yaks
  2 wyverns
  A vampire (D:9)
  A fire elemental (D:11)
  2 shadows
  2 wraiths
  The ghost of Valamore the Chopper, an amateur MiFi (D:3)
  A basilisk (Lair:1)
  2 steam dragons
  6 vampire mosquitoes
  2 wargs (D:10)
  2 acid dragons (D:12)
  4 water moccasins
  10 orc warriors
  A hell hound (D:12)
  5 black bears
  2 ice beasts
  A sky beast (D:6)
  A necrophage (D:5)
  A hornet zombie (D:11)
  2 centaurs (D:8)
  6 wolves
  An ogre (D:7)
  2 kobold brigands (D:8)
  4 bullfrogs
  Blork the orc (D:6)
  2 scorpions
  A wyvern skeleton (D:7)
  A water moccasin skeleton (D:5)
  8 killer bees (D:8)
  4 wights (D:8)
  2 howler monkeys
  5 centaur zombies
  6 hounds
  4 jellies
  Crazy Yiuf (D:5)
  5 centaur skeletons
  8 orc priests
  A gnoll shaman (D:7)
  A bullfrog skeleton (D:4)
  3 iguanas
  12 orc wizards
  A killer bee zombie (D:8)
  Robin (D:2)
  A howler monkey zombie (D:8)
  8 gnolls
  13 adders
  3 shadow imps (D:11)
  2 white imps
  An ufetubus (D:6)
  An adder skeleton (D:5)
  4 dart slugs
  A worm (D:2)
  52 orcs
  7 endoplasms
  4 giant cockroaches
  14 goblins
  12 hobgoblins
  2 jackals (D:4)
  16 kobolds
  7 quokkas
  10 ball pythons
  9 bats
  3 frilled lizards
  8 rats
352 creatures vanquished.

Vanquished Creatures (others)
  A hellwing (D:11)
  6 fungi
  2 plants
  6 withered plants (D:11)
15 creatures vanquished.

Grand Total: 367 creatures vanquished

Notes
Turn   | Place    | Note
-------+----------+-------------------------------------------
     0 | D:1      | Zeld the Gargoyle Earth Elementalist began the quest for
                  | the Orb.
     0 | D:1      | Reached XP level 1. HP: 10/10 MP: 3/3
   607 | D:1      | Reached skill level 1 in Transmutations
   607 | D:1      | Reached XP level 2. HP: 15/15 MP: 3/5
   613 | D:1      | Learned a level 2 spell: Passwall
   655 | D:1      | Found Qodub's Antique Weapon Shop.
   913 | D:1      | Reached XP level 3. HP: 7/19 MP: 3/6
  1122 | D:1      | Learned a level 3 spell: Stone Arrow
  1730 | D:1      | Found a faded altar of an unknown god.
  2171 | D:2      | Reached XP level 4. HP: 24/24 MP: 4/8
  2587 | D:2      | Noticed Robin
  2596 | D:2      | Killed Robin
  2597 | D:2      | Reached skill level 5 in Earth Magic
  2600 | D:2      | Reached XP level 5. HP: 14/28 MP: 3/9
  2972 | D:2      | Learned a level 4 spell: Petrify
  3742 | D:3      | Reached XP level 6. HP: 32/32 MP: 11/11
  3742 | D:3      | Identified the +5 short sword of the New World {vorpal,
                  | rCorr Dex+4}
  3818 | D:3      | Found a runed translucent gate.
  3819 | D:3      | Found a runed translucent gate.
  3857 | D:3      | Found a runed translucent gate.
  3859 | D:3      | Noticed Valamore's ghost (amateur MiFi)
  3860 | D:3      | Identified the +4 ring mail of the Lonely Xenophobes {rF+
                  | Will+}
  4242 | D:2      | Reached skill level 1 in Conjurations
  4557 | D:3      | Killed Valamore's ghost
  5025 | D:4      | Found a hide-covered altar of Uskayaw.
  5221 | D:4      | Reached XP level 7. HP: 31/36 MP: 11/13
  6085 | D:5      | Entered Level 5 of the Dungeon
  6118 | D:5      | Reached skill level 5 in Spellcasting
  6495 | D:5      | Reached XP level 8. HP: 27/41 MP: 2/16
  6890 | D:5      | Found a runed translucent door.
  6891 | D:5      | Noticed Crazy Yiuf
  7088 | D:5      | Killed Crazy Yiuf
  7421 | D:6      | Noticed Blork the orc
  7424 | D:6      | Killed Blork the orc
  8294 | D:7      | Noticed a two-headed ogre
  8306 | D:7      | Killed a two-headed ogre
  8307 | D:7      | Reached skill level 5 in Conjurations
  8307 | D:7      | Reached XP level 9. HP: 23/45 MP: 7/19
  8483 | D:7      | Reached skill level 10 in Earth Magic
  8503 | D:7      | Noticed Harold
  8511 | D:7      | Killed Harold
  8656 | D:7      | Found a staircase to the Ecumenical Temple.
  8668 | Temple   | Entered the Ecumenical Temple
  8882 | Temple   | Became a worshipper of Gozag Ym Sagoz the Greedy
  9190 | D:7      | Reached XP level 10. HP: 50/50 MP: 18/22
  9684 | D:8      | Noticed a four-headed hydra
  9724 | D:8      | Noticed a two-headed ogre
  9729 | D:8      | Killed a two-headed ogre
 10022 | D:8      | Noticed Joseph
 10202 | D:8      | Killed Joseph
 11165 | D:8      | HP: 1/50 [centaur/arrow (13)]
 11672 | D:8      | Killed a four-headed hydra
 11673 | D:8      | Reached skill level 10 in Spellcasting
 11673 | D:8      | Reached XP level 11. HP: 43/54 MP: 5/25
 13033 | D:9      | Bought a faintly glowing broad axe for 252 gold pieces
 13033 | D:9      | Identified the +8 broad axe of the Other Side {vorpal,
                  | Str+2 Int+7} (You bought it in a shop on level 9 of the
                  | Dungeon)
 13051 | D:10     | Entered Level 10 of the Dungeon
 13060 | D:10     | Reached skill level 1 in Axes
 13109 | D:10     | Found a broken altar of Ashenzari.
 13239 | D:10     | Reached skill level 1 in Fighting
 13246 | D:10     | Noticed Jingleheimer's ghost (journeyman FoHu)
 13318 | D:10     | Found a staircase to the Lair.
 13419 | D:10     | Found a transporter.
 13433 | D:10     | Found a transporter.
 13579 | D:10     | Noticed Sonja
 13583 | D:10     | Noticed Erica
 13587 | D:10     | Killed Sonja
 13868 | D:10     | Killed Erica
 14056 | D:10     | Found a blossoming altar of Fedhas.
 14061 | D:10     | Found an ancient bone altar of Kikubaaqudgha.
 14831 | D:11     | Noticed a cyclops
 14845 | D:11     | Killed a cyclops
 15254 | D:11     | Noticed a manticore
 15611 | D:11     | Killed a manticore
 16101 | D:9      | Bought an ancient arbalest for 266 gold pieces
 16101 | D:9      | Identified the +7 arbalest of Symmetry {vorpal, *Corrode
                  | Str+4 Int+4 SInv} (You bought it in a shop on level 9 of
                  | the Dungeon)
 16192 | Lair:1   | Entered Level 1 of the Lair of Beasts
 16219 | D:11     | Reached XP level 12. HP: 66/66 MP: 19/27
 16255 | D:11     | Noticed a four-headed hydra
 16259 | D:11     | Killed a four-headed hydra
 16307 | D:11     | Learned a level 4 spell: Iskenderun's Mystic Blast
 16356 | D:11     | Reached skill level 5 in Axes
 16394 | D:11     | Got the Papyrus of Ice
 17218 | D:12     | Found a staircase to the Orcish Mines.
 17363 | D:12     | Noticed a two-headed ogre
 17371 | D:12     | Killed a two-headed ogre
 17472 | D:12     | Noticed Azrael
 17489 | D:11     | Reached skill level 1 in Crossbows
 18095 | D:12     | You fall into a shaft and drop 2 floors!
 18127 | D:14     | Noticed Agnes
 18129 | D:14     | Reached skill level 5 in Fighting
 19025 | Lair:1   | Reached skill level 10 in Conjurations
 19751 | Lair:1   | Found a blossoming altar of Fedhas.
 21151 | Lair:3   | Noticed a death yak
 21151 | Lair:3   | Noticed a death yak
 21471 | Lair:3   | Noticed a death yak
 21683 | D:12     | Reached skill level 5 in Crossbows
 21683 | D:12     | Reached XP level 13. HP: 40/76 MP: 17/29
 21979 | D:12     | Noticed Urug
 21986 | D:12     | Killed Urug
 22085 | D:12     | Bought a potion of heal wounds for 75 gold pieces
 22085 | D:12     | Bought a potion of heal wounds for 75 gold pieces
 22085 | D:12     | Bought a potion of curing for 45 gold pieces
 22085 | D:12     | Bought a potion of might for 60 gold pieces
 22804 | D:12     | Slain by Azrael

Illustrated notes

Levels and vault maps discovered:
D:1:      ebering_trefoil_twist, layout_loops_ring,
          nicolae_ecumenical_lake_church, serial_shops,
          nicolae_shop_overgrown_old_shop
D:2:      layout_basic, minmay_quadrilaterals, uniq_robin
D:3:      layout_basic, biasface_ghost_orc_armoury, st_stairs_2,
          minmay_misc_feat_roman
D:4:      layout_basic, eat_drink_and_be_merry_uskayaw, minmay_strange_pillars,
          lightli_corner_chamber
D:5:      layout_gridville, uniq_crazy_yiuf_cottage
D:6:      layout_basic, serial_rivers, chequers_serial_rivers_large_b,
          chequers_serial_rivers_large_a, chequers_serial_rivers_micro_c,
          chequers_serial_rivers_marsh, chequers_serial_rivers_small_3,
          chequers_serial_rivers_micro_d, uniq_blork_the_orc
D:7:      layout_basic, minmay_temple_entry_mist, uniq_harold
D:8:      minmay_bloctagon, layout_basic, uniq_joseph
D:9:      layout_big_octagon
D:10:     layout_loops_ring, grunt_temple_overflow_growth_and_decay,
          nicolae_ashenzari_panopticon, erik_lair_orcish_takeover,
          gammafunk_ghost_hive, uniq_sonja, uniq_erica
D:11:     cheibrodos_grave_circle, layout_stronghold
D:12:     nooodl_glass_maze, layout_stronghold, david_orc_2, serial_shops, shop,
          uniq_urug, uniq_josephine, uniq_azrael
D:13:     layout_loops_cross, david_vaults_1, fountainhead, minivault_10,
          minmay_the_grid_2x2 [minmay_the_grid_dragon_a,
          minmay_the_grid_zigzag_pyramid, minmay_the_grid_pillar_ring,
          minmay_the_grid_prize_four_corners]
D:14:     layout_cave_pools, hangedman_decor_growths, serial_shops,
          nicolae_stop_n_shop_1, uniq_frances, uniq_rupert, uniq_agnes,
          uniq_roxanne
Temple:   dpeg_five_rooms_temple
Lair:1:   layout_chaotic_city, hangedman_tree_tricks, grunt_megastairs_3
Lair:2:   layout_regular_city, beast_lair_carwin_2
Lair:3:   layout_chaotic_city, minivault_26

Skill      XL: |  1  2  3  4  5  6  7  8  9 10 11 12 13 |
---------------+----------------------------------------+-----
Transmutations | 1 2 |  2.0
Earth Magic    | 4 5 6 7 9 11 12 | 12.0
Spellcasting   | 3 4 5 7 8 10 11 12 | 12.0
Conjurations   | 1 3 5 6 7 9 10 | 10.0
Axes           | 4 6 |  6.0
Fighting       | 3 7 8 |  8.5
Crossbows      | 5 6 |  6.2
Dodging        | |  1.5
Stealth        | |  2.1

Action                   |  1- 3 |  4- 6 |  7- 9 | 10-12 | 13-15 || total
-------------------------+-------+-------+-------+-------+-------++-------
Melee: Whip              |     6 |       |       |       |       ||     6
       Unarmed           |    26 |    42 |       |       |       ||    68
       Punch             |       |     1 |       |     1 |       ||     2
       Short sword       |       |     8 |    25 |    15 |       ||    48
       Broad axe         |       |       |       |    77 |     7 ||    84
 Fire: Arbalest          |       |       |       |    10 |     1 ||    11
 Cast: Sandblast         |    44 |   104 |     8 |    17 |     1 ||   174
       Stone Arrow       |     4 |    17 |    98 |   295 |    34 ||   448
       Petrify           |       |       |       |    11 |     1 ||    12
       Iskenderun's Myst |       |       |       |     5 |     3 ||     8
Invok: Call Merchant     |       |       |       |     1 |     1 ||     2
       Potion Petition   |       |       |       |     1 |       ||     1
Evoke: Condenser vane    |       |       |       |     1 |       ||     1
  Use: Scroll            |       |       |     8 |    13 |     3 ||    24
       Potion            |       |       |       |     4 |     1 ||     5
 Stab: Sleeping          |     2 |     1 |       |       |       ||     3
Armor: Robe              |    14 |    55 |    24 |   192 |    17 ||   302
Dodge: Dodged            |    26 |    90 |    31 |   177 |     9 ||   333
